 Dungeon Crawl Stone Soup version 0.16-a0-3712-g87ae24a (console) character file.

43 MrRokkomies the Insei (level 3, 0/24 HPs)
             Began as an Octopode Transmuter on Jan 20, 2015.
             Slain by a goblin (1 damage)
             ... led by Robin
             ... on level 2 of the Dungeon.
             The game lasted 00:05:11 (1364 turns).

MrRokkomies the Insei (Octopode Transmuter)         Turns: 1364, Time: 00:05:11

Health: 0/24       AC:  1    Str:  9    XL:     3   Next: 58%
Magic:  0/6        EV: 12    Int: 16    God:
Gold:   53         SH:  0    Dex: 12    Spells: 1 memorised, 5 levels left

rFire  . . .     SeeInvis .       - Unarmed
rCold  . . .     Clarity  .     (no shield)
rNeg   . . .     SustAb   .     (helmet restricted)
rPois  .         Gourm    .     o - amulet of guardian spirit
rElec  .         Spirit   +     (no ring)
rCorr  .         Warding  .     (no ring)
rMut   .         Stasis   .     (no ring)
MR     .....                    (no ring)
Stlth  +++.......               (no ring)
                                (no ring)
                                (no ring)
                                (no ring)

@: hasted, very quick, not resistant to hostile enchantments, fairly stealthy
A: almost no armour, amphibious, 8 rings, constrict 8, camouflage 1, gelatinous
body 1
a: no special abilities


You were on level 2 of the Dungeon.
You were not hungry.

You visited 1 branch of the dungeon, and saw 2 of its levels.

You collected 53 gold pieces.

Inventory:

Missiles
 b - 12 arrows
 c - 3 tomahawks (quivered)
 g - 29 stones
Jewellery
 o - an amulet of guardian spirit (around mantle)
Scrolls
 f - 3 scrolls of remove curse
Potions
 e - 2 potions of agility
Books
 d - a book of Changes

   Spells                             Type                      Level
   a - Beastly Appendage              Transmutation                1
   b - Sticks to Snakes               Transmutation                2
   c - Spider Form                    Transmutation/Poison         3
   d - Ice Form                       Ice/Transmutation            4
   e - Blade Hands                    Transmutation                5
Comestibles
 a - a bread ration
 k - a beef jerky
 n - a meat ration
 p - 3 chunks of flesh


   Skills:
 * Level 2.2 Fighting
 - Level 2.0 Dodging
 + Level 1.7 Stealth
 * Level 3.6 Unarmed Combat
 - Level 2.0 Spellcasting
 - Level 2.0 Transmutations


You had 5 spell levels left.
You knew the following spells:

 Your Spells              Type           Power        Failure   Level  Hunger
a - Beastly Appendage     Trmt           #.....       10%         1    #......


Dungeon Overview and Level Annotations

Branches:
Dungeon (2/15)

Altars:

Annotations:
D:2 Robin


Innate Abilities, Weirdness & Mutations

You cannot wear most types of armour.
You are amphibious.
You can wear up to eight rings at the same time.
You can use your tentacles to constrict many enemies at once.
Your skin changes colour to match your surroundings (Stealth).
Your rubbery body absorbs attacks (AC +1).


Message History

You kill the kobold!
You feel less confused. The goblin hits you but does no damage.
The goblin barely misses you. The goblin hits you with a dagger.
* * * LOW HITPOINT WARNING * * *
You barely miss the goblin. Your grab misses the goblin.
The goblin closely misses you. The goblin hits you with a dagger.
* * * LOW HITPOINT WARNING * * *
The goblin hits you.
* * * LOW HITPOINT WARNING * * *
You closely miss the goblin. You grab the goblin. You constrict the goblin.
The goblin hits you with a dagger.
* * * LOW HITPOINT WARNING * * *
The goblin closely misses you. The goblin misses you.
The goblin barely misses you.
Drink which item? (? for menu, Esc to quit)
You feel yourself speed up.
You constrict the goblin.
You kill the goblin!
The goblin hits you.
You die...

#.........#
#...#######
#...# #...#
#...# #...#
#...# #...#
#g..#
#ggg######
#@gg........
##gSg......
#ggg......
#g........
#........
#.......
#......
..... .


You could see Robin, 2 hobgoblins, 9 goblins and a ball python.

Vanquished Creatures
  An adder (D:2)
  An ooze (D:2)
  4 bats (D:1)
  A giant cockroach (D:1)
  6 hobgoblins
  2 jackals (D:1)
  6 kobolds
  A giant newt (D:1)
  2 goblins
  4 rats (D:1)
28 creatures vanquished.

Notes
Turn   | Place    | Note
--------------------------------------------------------------
     0 | D:1      | MrRokkomies, the Octopode Transmuter, began the quest for the Orb.
     0 | D:1      | Reached XP level 1. HP: 13/13 MP: 3/3
   166 | D:1      | Reached XP level 2. HP: 9/18 MP: 4/4
   568 | D:1      | Reached skill level 1 in Stealth
   867 | D:1      | Reached XP level 3. HP: 12/24 MP: 6/6
  1352 | D:2      | Noticed Robin
  1363 | D:2      | HP: 1/24 [goblin/dagger[Robin] (2)]
  1364 | D:2      | Slain by a goblin

Action                   || total
-------------------------++-------
Melee: Unarmed           ||    71
 Cast: Beastly Appendage ||     2
  Use: Scroll            ||     6
       Potion            ||     1
 Stab: Sleeping          ||     5
  Eat: Chunk             ||     1
